TOP OF THE 1ST |
Las Vegas 51s batting - Pitching for Lehigh Valley IronPigs : LHP Phuck II
|
Pitching: LHP Phuck II
|
|
Batting: SHB Jason Larson
|
0-0: Ball 1-0: Ball 2-0: Ball 3-0: Called Strike 3-1: Base on Balls
|
Batting: RHB Josh Jones
|
0-0: Ball 1-0: Foul Ball, location: 2F 1-1: DOUBLE (Line Drive, 3D, EV 103.1 MPH) Jason Larson to third
|
Batting: SHB Harrison Feist
|
0-0: Ball 1-0: Fly out, F9 (Flyball, 89M, EV 90.0 MPH)
|
Batting: LHB Bill Armijo
|
0-0: Ball 1-0: SINGLE (Groundball, 34D, EV 102.5 MPH) Jason Larson scores Josh Jones to third
|
Batting: RHB Ken Fitzpatrick
|
0-0: DOUBLE (Line Drive, 8RXD, EV 105.6 MPH) Josh Jones scores Bill Armijo to third
|
Batting: SHB Nelson Powell
|
0-0: Foul Ball, location: 2F 0-1: Foul Ball, location: 2F 0-2: SINGLE (Groundball, 4MD, EV 83.8 MPH) (infield hit) Bill Armijo scores Ken Fitzpatrick to third
|
Batting: LHB Angel Sanchez
|
0-0: Ball 1-0: Called Strike Nelson Powell is caught stealing 2nd base 2-6 1-1: SINGLE (Line Drive, 9S, EV 93.8 MPH) Ken Fitzpatrick scores
|
Batting: RHB Alex Vasquez
|
0-0: Ball 1-0: Ball 2-0: Called Strike 2-1: Foul Ball, location: 2F 2-2: Foul Ball, location: 2F 2-2: Foul Ball, location: 2F 2-2: Foul Ball, location: 2F 2-2: Foul Ball, location: 2F 2-2: Foul Ball, location: 2F 2-2: Hit by Pitch Angel Sanchez to second
|
Batting: LHB Jose Chavez
|
0-0: Hit by Pitch Angel Sanchez to third Alex Vasquez to second
|
Batting: SHB Jason Larson
|
0-0: Ball 1-0: Ball 2-0: Ball 3-0: Called Strike 3-1: Swinging Strike 3-2: Ground out 6-3 (Groundball, 6, EV 99.4 MPH)
|
Top of the 1st over - 4 runs, 5 hits, 0 errors, 3 left on base; Las Vegas 4 - Lehigh Valley 0 |
BOTTOM OF THE 1ST |
Lehigh Valley IronPigs batting - Pitching for Las Vegas 51s : RHP Tony Castellanos
|
Pitching: RHP Tony Castellanos
|
|
Batting: RHB Joe Smack
|
0-0: Ball 1-0: Foul Ball, location: 2F 1-1: Called Strike 1-2: Ground out 5-3 (Groundball, 5, EV 86.2 MPH)
|
Batting: RHB Alberto Ramirez
|
0-0: Reached on error, E3 (Groundball, 34, EV 85.0 MPH)
|
Batting: RHB Quintin Parker
|
Pickoff Throw to First - Error! E1 Alberto Ramirez to second 0-0: Ball 1-0: Swinging Strike 1-1: Called Strike 1-2: Strikes out swinging
|
Batting: LHB Jose Carlos
|
0-0: Called Strike 0-1: Swinging Strike 0-2: Strikes out swinging
|
Bottom of the 1st over - 0 runs, 0 hits, 2 errors, 1 left on base; Las Vegas 4 - Lehigh Valley 0 |
TOP OF THE 2ND |
Las Vegas 51s batting - Pitching for Lehigh Valley IronPigs : LHP Phuck II
|
Batting: RHB Josh Jones
|
0-0: Called Strike 0-1: Ball 1-1: Ball 2-1: Called Strike 2-2: Ground out 6-3 (Groundball, 6, EV 92.5 MPH)
|
Batting: SHB Harrison Feist
|
0-0: Ball 1-0: Foul Ball, location: 2F 1-1: Swinging Strike 1-2: Foul Ball, location: 2F 1-2: SINGLE (Groundball, 6MD, EV 97.5 MPH)
|
Batting: LHB Bill Armijo
|
0-0: Called Strike 0-1: Ball Wild Pitch! Harrison Feist to second 1-1: Ball 2-1: Fly out, F9 (Flyball, 9S, EV 88.1 MPH)
|
Batting: RHB Ken Fitzpatrick
|
0-0: Ball 1-0: Foul Ball, location: 2F 1-1: Swinging Strike 1-2: Foul Ball, location: 2F 1-2: Foul Ball, location: 2F 1-2: Foul Ball, location: 2F 1-2: Ball 2-2: Foul Ball, location: 2F 2-2: Foul Ball, location: 2F 2-2: Ball 3-2: Foul Ball, location: 2F 3-2: Base on Balls
|
Batting: SHB Nelson Powell
|
0-0: Foul Ball, location: 2F 0-1: DOUBLE (Line Drive, 3D, EV 95.0 MPH) Harrison Feist scores Ken Fitzpatrick to third Runner from 3rd tries for Home, SAFE, throw by RF to trailing runner, OUT at third! 9-3-5
|
Top of the 2nd over - 2 runs, 2 hits, 0 errors, 0 left on base; Las Vegas 6 - Lehigh Valley 0 |
BOTTOM OF THE 2ND |
Lehigh Valley IronPigs batting - Pitching for Las Vegas 51s : RHP Tony Castellanos
|
Batting: RHB Jesus Galvan
|
0-0: Called Strike 0-1: Ball 1-1: Foul Ball, location: 2F 1-2: Strikes out swinging
|
Batting: LHB Mike Davis
|
0-0: Swinging Strike 0-1: Ball 1-1: Ball 2-1: Foul Ball, location: 2F 2-2: DOUBLE (Line Drive, 78D, EV 101.2 MPH)
|
Batting: RHB Alan Weller
|
0-0: Foul Ball, location: 2F 0-1: Ball 1-1: Swinging Strike 1-2: Foul Ball, location: 2F 1-2: Strikes out swinging
|
Batting: RHB Moritake Fukumoto
|
0-0: Ball 1-0: SINGLE (Groundball, 34, EV 96.2 MPH) Mike Davis to third Runner from 3rd tries for Home, SAFE, throw by RF to home Moritake Fukumoto to second
|
Batting: RHB Charles Marcel
|
0-0: Ball 1-0: Ground out 6-3 (Groundball, 6, EV 92.5 MPH)
|
Bottom of the 2nd over - 1 run, 2 hits, 0 errors, 1 left on base; Las Vegas 6 - Lehigh Valley 1 |
TOP OF THE 3RD |
Las Vegas 51s batting - Pitching for Lehigh Valley IronPigs : LHP Phuck II
|
Batting: LHB Angel Sanchez
|
0-0: Ball 1-0: Called Strike 1-1: Ball 2-1: Ball 3-1: Base on Balls
|
Batting: RHB Alex Vasquez
|
0-0: Ball Wild Pitch! Angel Sanchez to second 1-0: Foul Ball, location: 2F 1-1: Called Strike 1-2: Foul Ball, location: 2F 1-2: Foul Ball, location: 2F 1-2: Ball 2-2: Ground out 4-3 (Groundball, 4D, EV 101.9 MPH) Angel Sanchez to third
|
Batting: LHB Jose Chavez
|
0-0: Ball 1-0: Ball 2-0: Ball 3-0: Called Strike 3-1: Swinging Strike 3-2: Foul Ball, location: 2F 3-2: Foul Ball, location: 2F 3-2: Foul Ball, location: 2F 3-2: Foul Ball, location: 2F 3-2: Foul Ball, location: 2F 3-2: Strikes out swinging
|
Batting: SHB Jason Larson
|
0-0: Called Strike 0-1: Foul Ball, location: 2F 0-2: Fly out, F7 (Line Drive, 7S, EV 94.4 MPH)
|
Top of the 3rd over - 0 runs, 0 hits, 0 errors, 1 left on base; Las Vegas 6 - Lehigh Valley 1 |
BOTTOM OF THE 3RD |
Lehigh Valley IronPigs batting - Pitching for Las Vegas 51s : RHP Tony Castellanos
|
Batting: RHB Joe Smack
|
0-0: Ball 1-0: Foul Ball, location: 2F 1-1: Foul Ball, location: 2F 1-2: Strikes out swinging
|
Batting: RHB Alberto Ramirez
|
0-0: Ball 1-0: SINGLE (Groundball, 6MD, EV 103.8 MPH)
|
Batting: RHB Quintin Parker
|
0-0: Foul Ball, location: 2F 0-1: Foul Ball, location: 2F 0-2: Ball 1-2: Ball 2-2: DOUBLE (Flyball, 78XD, EV 91.9 MPH) Alberto Ramirez to third
|
Batting: LHB Jose Carlos
|
0-0: Ball 1-0: Called Strike 1-1: Fly out, F7 (Flyball, 7, EV 76.9 MPH)
|
Batting: RHB Jesus Galvan
|
0-0: Foul Ball, location: 2F 0-1: Ground out 6-3 (Groundball, 6S, EV 81.9 MPH)
|
Bottom of the 3rd over - 0 runs, 2 hits, 0 errors, 2 left on base; Las Vegas 6 - Lehigh Valley 1 |
TOP OF THE 4TH |
Las Vegas 51s batting - Pitching for Lehigh Valley IronPigs : LHP Phuck II
|
Batting: RHB Josh Jones
|
0-0: Foul Ball, location: 2F 0-1: SINGLE (Flyball, 89S, EV 94.4 MPH)
|
Pitching: RHP Chad Capaldi
|
|
Batting: SHB Harrison Feist
|
0-0: Foul Ball, location: 2F 0-1: Called Strike 0-2: Ball 1-2: Strikes out looking
|
Batting: LHB Bill Armijo
|
0-0: Foul Ball, location: 2F 0-1: Hit by Pitch Josh Jones to second
|
Batting: RHB Ken Fitzpatrick
|
0-0: Called Strike Josh Jones steals 3rd base Bill Armijo to second 0-1: Ball 1-1: Ground out 6-3 (Groundball, 6, EV 87.5 MPH) Josh Jones scores Bill Armijo to third
|
Batting: SHB Nelson Powell
|
0-0: Ball 1-0: Ball 2-0: Ball 3-0: Base on Balls
|
Batting: LHB Angel Sanchez
|
0-0: Ball 1-0: Ball 2-0: Called Strike 2-1: Fly out, F7 (Line Drive, 7LM, EV 88.1 MPH)
|
Top of the 4th over - 1 run, 1 hit, 0 errors, 2 left on base; Las Vegas 7 - Lehigh Valley 1 |
BOTTOM OF THE 4TH |
Lehigh Valley IronPigs batting - Pitching for Las Vegas 51s : RHP Tony Castellanos
|
Batting: LHB Mike Davis
|
0-0: Called Strike 0-1: Ball 1-1: Ball 2-1: Ball 3-1: Swinging Strike 3-2: Ground out 6-3 (Groundball, 56, EV 88.1 MPH)
|
Batting: RHB Alan Weller
|
0-0: Ball 1-0: Ball 2-0: Called Strike 2-1: SINGLE (Flyball, 8RS, EV 88.8 MPH)
|
Batting: RHB Moritake Fukumoto
|
0-0: Called Strike 0-1: Called Strike 0-2: Ball 1-2: Ball 2-2: Ball 3-2: Grounds into double play, 6-4-3 (Groundball, 6, EV 100.6 MPH)
|
Bottom of the 4th over - 0 runs, 1 hit, 0 errors, 0 left on base; Las Vegas 7 - Lehigh Valley 1 |
TOP OF THE 5TH |
Las Vegas 51s batting - Pitching for Lehigh Valley IronPigs : RHP Chad Capaldi
|
Batting: RHB Alex Vasquez
|
0-0: Fly out, F8 (Flyball, 8RD, EV 85.6 MPH)
|
Batting: LHB Jose Chavez
|
0-0: Called Strike 0-1: Fly out, F9 (Line Drive, 89M, EV 88.8 MPH)
|
Batting: SHB Jason Larson
|
0-0: Ball 1-0: Called Strike 1-1: Foul Ball, location: 2F 1-2: Ball 2-2: Foul Ball, location: 2F 2-2: Strikes out looking
|
Top of the 5th over - 0 runs, 0 hits, 0 errors, 0 left on base; Las Vegas 7 - Lehigh Valley 1 |
BOTTOM OF THE 5TH |
Lehigh Valley IronPigs batting - Pitching for Las Vegas 51s : RHP Tony Castellanos
|
Batting: RHB Charles Marcel
|
0-0: Ball 1-0: Foul Ball, location: 2F 1-1: Ball 2-1: Swinging Strike 2-2: Ground out 6-3 (Groundball, 6, EV 81.2 MPH)
|
Batting: RHB Joe Smack
|
0-0: Foul Ball, location: 2F 0-1: Called Strike 0-2: Foul Ball, location: 2F 0-2: Strikes out swinging
|
Batting: RHB Alberto Ramirez
|
0-0: Ball 1-0: Foul Ball, location: 2F 1-1: Ball 2-1: Called Strike 2-2: Foul Ball, location: 2F 2-2: Ball 3-2: Foul Ball, location: 2F 3-2: Strikes out looking
|
Bottom of the 5th over - 0 runs, 0 hits, 0 errors, 0 left on base; Las Vegas 7 - Lehigh Valley 1 |
TOP OF THE 6TH |
Las Vegas 51s batting - Pitching for Lehigh Valley IronPigs : RHP Chad Capaldi
|
Batting: RHB Josh Jones
|
0-0: Ball 1-0: Ball 2-0: Ball 3-0: Called Strike 3-1: Foul Ball, location: 2F 3-2: Foul Ball, location: 2F 3-2: Base on Balls
|
Pitching: RHP Rafael Pacheco
|
|
Batting: SHB Harrison Feist
|
0-0: Called Strike 0-1: Foul Ball, location: 2F 0-2: Foul Ball, location: 2F 0-2: Ball 1-2: Ball 2-2: Strikes out swinging
|
Batting: LHB Bill Armijo
|
0-0: Ball 1-0: Called Strike 1-1: Ball 2-1: Ball 3-1: Foul Ball, location: 2F 3-2: Foul Ball, location: 2F 3-2: Strikes out swinging
|
Batting: RHB Ken Fitzpatrick
|
0-0: Called Strike Josh Jones is caught stealing 2nd base 2-4
|
Top of the 6th over - 0 runs, 0 hits, 0 errors, 0 left on base; Las Vegas 7 - Lehigh Valley 1 |
BOTTOM OF THE 6TH |
Lehigh Valley IronPigs batting - Pitching for Las Vegas 51s : RHP Tony Castellanos
|
Batting: RHB Quintin Parker
|
0-0: Fly out, F8 (Flyball, 8LXD, EV 90.0 MPH)
|
Batting: LHB Jose Carlos
|
0-0: Foul Ball, location: 2F 0-1: Swinging Strike 0-2: Ball 1-2: Ground out 6-3 (Groundball, 6, EV 88.1 MPH)
|
Batting: RHB Jesus Galvan
|
0-0: Foul Ball, location: 2F 0-1: Ball 1-1: Ball 2-1: Ball 3-1: Called Strike 3-2: Foul Ball, location: 2F 3-2: Foul Ball, location: 2F 3-2: Strikes out looking
|
Bottom of the 6th over - 0 runs, 0 hits, 0 errors, 0 left on base; Las Vegas 7 - Lehigh Valley 1 |
TOP OF THE 7TH |
Las Vegas 51s batting - Pitching for Lehigh Valley IronPigs : RHP Rafael Pacheco
|
Batting: RHB Ken Fitzpatrick
|
0-0: Swinging Strike 0-1: Called Strike 0-2: Strikes out looking
|
Batting: SHB Nelson Powell
|
0-0: Ball 1-0: Ground out 6-3 (Groundball, 6, EV 93.1 MPH)
|
Batting: LHB Angel Sanchez
|
0-0: Ball 1-0: Ball 2-0: Ball 3-0: Called Strike 3-1: SINGLE (Groundball, 34S, EV 86.9 MPH) (infield hit)
|
Batting: RHB Alex Vasquez
|
0-0: Called Strike 0-1: DOUBLE (Flyball, 7LD, EV 101.9 MPH) Angel Sanchez to third Runner from 3rd tries for Home, SAFE, no throw by LF
|
Pitching: LHP Wil Diaz
|
|
Batting: LHB Jose Chavez
|
0-0: Called Strike 0-1: Ball 1-1: Ground out 4-3 (Groundball, 4D, EV 102.5 MPH)
|
Top of the 7th over - 1 run, 2 hits, 0 errors, 1 left on base; Las Vegas 8 - Lehigh Valley 1 |
BOTTOM OF THE 7TH |
Lehigh Valley IronPigs batting - Pitching for Las Vegas 51s : RHP Tony Castellanos
|
Batting: LHB Mike Davis
|
0-0: Called Strike 0-1: Ball 1-1: Ball 2-1: Called Strike 2-2: Ball 3-2: Ground out 5-3 (Groundball, 56, EV 81.9 MPH)
|
Batting: RHB Alan Weller
|
0-0: Called Strike 0-1: Ball 1-1: Ball 2-1: SINGLE (Line Drive, 9S, EV 96.2 MPH)
|
Pitching: RHP Brock McGuire
|
|
Batting: RHB Moritake Fukumoto
|
0-0: Ball 1-0: Called Strike 1-1: Ball 2-1: Ball Wild Pitch! Alan Weller to second 3-1: SINGLE (Flyball, 56D, EV 93.1 MPH) Alan Weller to third
|
Batting: RHB Charles Marcel
|
0-0: Called Strike 0-1: SINGLE (Groundball, 6MD, EV 101.9 MPH) Alan Weller scores Moritake Fukumoto to second
|
Batting: RHB Joe Smack
|
0-0: Ball 1-0: Ball 2-0: Swinging Strike 2-1: DOUBLE (Groundball, 5L, EV 105.6 MPH) Moritake Fukumoto scores Charles Marcel to third Runner from 3rd tries for Home, SAFE, no throw by LF
|
Batting: RHB Alberto Ramirez
|
0-0: Called Strike Joe Smack steals 3rd base 0-1: Foul Ball, location: 2F 0-2: Ground out 6-3 (Groundball, 6, EV 101.9 MPH) Joe Smack scores
|
Batting: RHB Quintin Parker
|
0-0: DOUBLE (Line Drive, 78D, EV 104.4 MPH)
|
Pitching: LHP Jimmy Rush
|
|
Batting: LHB Jose Carlos
|
0-0: Ground out 6-3 (Groundball, 6, EV 100.0 MPH)
|
Bottom of the 7th over - 4 runs, 5 hits, 0 errors, 1 left on base; Las Vegas 8 - Lehigh Valley 5 |
TOP OF THE 8TH |
Las Vegas 51s batting - Pitching for Lehigh Valley IronPigs : LHP Wil Diaz
|
Batting: SHB Jason Larson
|
0-0: Foul Ball, location: 2F 0-1: Ball 1-1: Ground out 6-3 (Groundball, 6MS, EV 69.4 MPH)
|
Batting: RHB Josh Jones
|
0-0: Ball 1-0: Ball 2-0: SINGLE (Groundball, 4S, EV 70.6 MPH) (infield hit)
|
Batting: SHB Harrison Feist
|
0-0: Ball Josh Jones steals 2nd base (no throw) 1-0: Intentional Walk
|
Batting: LHB Bill Armijo
|
0-0: Called Strike 0-1: Called Strike Josh Jones steals 3rd, throwing error, E2 Josh Jones scores Harrison Feist to third 0-2: Ball 1-2: Ball 2-2: Ball 3-2: Foul Ball, location: 2F 3-2: Base on Balls
|
Batting: RHB Ken Fitzpatrick
|
0-0: Foul Ball, location: 2F 0-1: Ball 1-1: Swinging Strike 1-2: Foul Ball, location: 2F 1-2: Foul Ball, location: 2F 1-2: Ball 2-2: Strikes out swinging
|
Batting: SHB Nelson Powell
|
0-0: Ball 1-0: Foul Ball, location: 2F 1-1: Swinging Strike 1-2: Foul Ball, location: 2F 1-2: Strikes out swinging
|
Top of the 8th over - 1 run, 1 hit, 1 error, 2 left on base; Las Vegas 9 - Lehigh Valley 5 |
BOTTOM OF THE 8TH |
Lehigh Valley IronPigs batting - Pitching for Las Vegas 51s : LHP Jimmy Rush
|
Batting: RHB Jesus Galvan
|
0-0: SINGLE (Groundball, 6D, EV 96.9 MPH)
|
Pinch Hitting: RHB Chris Pounds
|
0-0: Ball 1-0: Called Strike 1-1: Ball 2-1: Ball 3-1: Swinging Strike 3-2: Foul Ball, location: 2F 3-2: Foul Ball, location: 2F 3-2: Fly out, F8 (Flyball, 8RD, EV 96.9 MPH)
|
Batting: RHB Alan Weller
|
0-0: Called Strike 0-1: Grounds into double play, 4-6-3 (Groundball, 34, EV 89.4 MPH)
|
Bottom of the 8th over - 0 runs, 1 hit, 0 errors, 0 left on base; Las Vegas 9 - Lehigh Valley 5 |
TOP OF THE 9TH |
Las Vegas 51s batting - Pitching for Lehigh Valley IronPigs : LHP Wil Diaz
|
Pitching: RHP Ron Riley
|
|
Now in RF: Bob Dixon
|
|
Batting: LHB Angel Sanchez
|
0-0: Ground out 5-3 (Groundball, 6, EV 78.8 MPH)
|
Batting: RHB Alex Vasquez
|
0-0: Ball 1-0: Swinging Strike 1-1: Ball 2-1: Called Strike 2-2: Strikes out swinging
|
Batting: LHB Jose Chavez
|
0-0: Ball 1-0: Ball 2-0: Ball 3-0: Base on Balls
|
Batting: SHB Jason Larson
|
0-0: Ball 1-0: Ball Jose Chavez steals 2nd base 2-0: Ball 3-0: Called Strike 3-1: Foul Ball, location: 2F 3-2: Strikes out looking
|
Top of the 9th over - 0 runs, 0 hits, 0 errors, 1 left on base; Las Vegas 9 - Lehigh Valley 5 |
BOTTOM OF THE 9TH |
Lehigh Valley IronPigs batting - Pitching for Las Vegas 51s : LHP Jimmy Rush
|
Pitching: RHP Alastair Henry
|
|
Batting: RHB Moritake Fukumoto
|
0-0: Ball 1-0: Called Strike 1-1: Foul Ball, location: 2F 1-2: SINGLE (Groundball, 6MD, EV 102.5 MPH)
|
Batting: RHB Charles Marcel
|
0-0: Ball 1-0: Ball 2-0: Foul Ball, location: 2F 2-1: Swinging Strike 2-2: Strikes out swinging
|
Batting: RHB Joe Smack
|
0-0: Called Strike 0-1: Swinging Strike 0-2: Foul Ball, location: 2F 0-2: SINGLE (Line Drive, 56, EV 95.0 MPH) Moritake Fukumoto to second
|
Batting: RHB Alberto Ramirez
|
0-0: DOUBLE (Flyball, 89D, EV 94.4 MPH) Moritake Fukumoto scores Joe Smack to third
|
Batting: RHB Quintin Parker
|
0-0: Foul Ball, location: 2F 0-1: Swinging Strike 0-2: Foul Ball, location: 2F 0-2: Ball 1-2: Ground out U3 (Groundball, 34S, EV 78.1 MPH) Joe Smack scores Alberto Ramirez to third
|
Batting: LHB Jose Carlos
|
0-0: Ball 1-0: Ball 2-0: Ball 3-0: Called Strike 3-1: Base on Balls
|
Batting: RHB Jesus Galvan
|
0-0: Ball 1-0: Called Strike 1-1: Foul Ball, location: 2F 1-2: Strikes out looking
|
Bottom of the 9th over - 2 runs, 3 hits, 0 errors, 2 left on base; Las Vegas 9 - Lehigh Valley 7 |
|